Map: Thunderbird LE

Players

goblin - Winner!

  • Race: Protoss Protoss
  • Spawn Location: 11:00

ZhuGeLiang

  • Race: Zerg Zerg
  • League: Grandmaster
  • Spawn Location: 5:00

Event: NationWars 2019

VOD

Have the link to the VOD?

Description

Time

  • Played on: Nov. 14, 2019, 2:06 p.m.
  • Length: 12:35
Show
View Real Time Build Order
Export as new Build Order

goblin Protoss - Winner!

Build Orders: 1 Gate Expand, Archon Immortal, Dark Templar Rush 

Get SALT Encoding   

  12  0:00  Probe  
  13  0:12  Probe  
  14  0:18  Pylon  
  14  0:25  Probe  
  15  0:37  Probe (Chrono Boost)  
  15  0:39  Gateway  
  16  0:46  Probe (Chrono Boost)  
  16  0:47  Assimilator  
  17  0:51  Probe (Chrono Boost)  
  18  1:03  Probe  
  19  1:20  Nexus  
  19  1:23  Probe  
  20  1:34  Cybernetics Core  
  20  1:37  Probe  
  21  1:44  Assimilator  
  21  1:49  Probe  
  21  1:53  Pylon  
  22  2:01  Probe (Chrono Boost)  
  23  2:08  Stalker (Chrono Boost)  
  23  2:14  Probe (Chrono Boost)  
  26  2:17  Robotics Facility  
  26  2:20  Probe (Chrono Boost)  
  28  2:30  Probe (Chrono Boost)  
  28  2:32  Adept, Warp Gate  
  28  2:35  Probe (Chrono Boost)  
  33  2:45  Probe x2 (Chrono Boost)  
  33  2:51  Probe  
  33  2:52  Probe  
  35  3:03  Probe, Warp Prism (Chrono Boost)  
  35  3:05  Probe  
  39  3:12  Twilight Council  
  39  3:15  Probe  
  39  3:19  Probe  
  41  3:20  Pylon  
  41  3:27  Probe  
  41  3:31  Immortal (Chrono Boost)  
  46  3:38  Probe  
  47  3:41  Gateway  
  47  3:42  Probe  
  48  3:49  Pylon  
  48  3:50  Probe  
  48  3:55  Probe  
  50  3:56  Dark Shrine  
  50  4:02  Immortal (Chrono Boost)  
  54  4:11  Gateway  
  54  4:14  Gateway  
  54  4:16  Probe  
  55  4:17  Probe  
  55  4:18  Assimilator  
  55  4:20  Assimilator  
  55  4:23  Pylon  
  56  4:26  Sentry  
  56  4:30  Probe x2  
  60  4:33  Observer  
  61  4:42  Pylon, Probe x2  
  63  4:45  Zealot  
  63  4:49  Adept  
  67  5:03  Pylon  
  67  5:10  Observer  
  67  5:11  Probe x2  
  69  5:15  Gateway  
  69  5:18  Gateway  
  69  5:27  Dark Templar x4  
  77  5:34  Probe  
  78  5:42  Probe  
  79  5:45  Charge, Pylon, Immortal  
  79  5:46  Probe  
  84  6:01  Nexus, Probe x2  
  86  6:11  Forge  
  86  6:12  Pylon  
  86  6:24  Observer  
  86  6:26  Stargate x2  
  86  6:28  Immortal  
  86  6:29  Pylon  
  90  6:34  Probe x2, Observer  
  90  6:37  Shield Battery  
  90  6:38  Shield Battery  
  92  6:41  Zealot  
  92  6:44  Shield Battery  
  94  6:48  Protoss Ground Weapons Level 1 (Chrono Boost)  
  94  6:49  Archon  
  94  6:50  Archon  
  94  6:51  Probe x2  
  94  6:52  Photon Cannon  
  96  7:00  Stalker x2  
  100  7:05  Photon Cannon, Shield Battery  
  100  7:12  Phoenix x2 (Chrono Boost)  
  104  7:21  Stalker  
  106  7:28  Phoenix x2  
  106  7:36  Immortal  
  117  7:37  Probe x3 (Chrono Boost)  
  117  7:41  Assimilator  
  117  7:42  Pylon  
  117  7:43  Assimilator  
  117  7:46  Probe x2 (Chrono Boost)  
  117  7:47  Probe (Chrono Boost)  
  117  7:49  Pylon  
  117  7:50  Pylon  
  120  7:53  Phoenix x2  
  120  7:58  Probe  
  125  8:00  Probe x2  
  126  8:11  Blink (Chrono Boost)  
  126  8:15  Observer  
  127  8:26  Zealot x3  
  127  8:27  Zealot x3  
  135  8:34  Gateway x3  
  139  8:37  Pylon  
  139  8:38  Pylon  
  139  8:39  Gateway  
  139  8:48  Protoss Ground Weapons Level 2 (Chrono Boost)  
  139  8:49  Photon Cannon  
  139  8:58  Stalker x6  
  152  9:04  Pylon  
  152  9:05  Pylon  
  151  9:22  Dark Templar x4  
  152  9:26  Archon x2  
  144  9:37  Stalker x4  
  144  9:38  Stalker x2  
  116  10:00  Stalker x2  
  80  11:05  Stalker  
  80  11:06  Stalker x3  
Show
View Real Time Build Order
Export as new Build Order

ZhuGeLiang Zerg 

Build Orders: Hatch First 

Get SALT Encoding   

  12  0:01  Drone  
  13  0:12  Overlord  
  13  0:16  Drone  
  14  0:31  Drone x2  
  16  0:49  Hatchery  
  15  0:51  Drone  
  15  0:54  Drone  
  17  0:57  Drone  
  18  1:08  Extractor  
  17  1:12  Spawning Pool  
  17  1:15  Drone  
  17  1:19  Drone  
  18  1:28  Drone  
  19  1:42  Drone  
  20  1:51  Overlord  
  20  1:59  Queen  
  20  2:01  Queen  
  22  2:02  Zergling x4  
  26  2:11  Drone  
  26  2:12  Drone  
  26  2:14  Metabolic Boost  
  28  2:22  Drone x2  
  30  2:37  Hatchery  
  30  2:38  Drone  
  30  2:40  Drone  
  31  2:48  Overlord  
  31  2:51  Queen  
  31  2:54  Drone  
  31  2:56  Drone  
  35  2:59  Drone  
  36  3:07  Drone  
  36  3:08  Drone  
  36  3:09  Drone x2  
  36  3:11  Overlord  
  40  3:13  Drone  
  40  3:16  Drone  
  40  3:17  Drone  
  40  3:19  Drone  
  44  3:23  Overlord  
  44  3:31  Drone  
  44  3:32  Lair  
  45  3:40  Drone x2  
  45  3:41  Roach Warren, Extractor  
  45  3:42  Drone  
  45  3:46  Drone  
  45  3:47  Drone x2  
  49  3:54  Drone x3  
  52  3:55  Extractor  
  52  3:59  Drone x3  
  54  4:07  Overlord  
  54  4:08  Zergling x4  
  56  4:12  Zergling x2  
  56  4:14  Queen  
  59  4:20  Overlord  
  63  4:24  Roach x3  
  63  4:25  Overlord  
  63  4:29  Overseer  
  65  4:32  Roach x2  
  65  4:33  Roach  
  65  4:35  Overlord  
  71  4:39  Overseer  
  71  4:41  Roach x2  
  75  4:54  Drone  
  75  4:55  Drone x3  
  75  4:56  Roach x3  
  85  5:03  Spore Crawler x2  
  85  5:04  Spore Crawler  
  82  5:09  Drone x4  
  82  5:10  Drone x2  
  87  5:19  Spire  
  87  5:20  Zergling x2  
  87  5:21  Zergling x8  
  86  5:27  Glial Reconstitution  
  86  5:30  Drone x3, Extractor x2  
  87  5:38  Zergling x2  
  87  5:39  Zergling x2  
  89  5:49  Drone  
  89  5:50  Drone  
  89  5:56  Overlord  
  88  6:02  Drone x5, Extractor  
  90  6:12  Overlord  
  85  6:20  Hatchery  
  85  6:24  Drone x7  
  85  6:25  Drone x2  
  92  6:32  Mutalisk  
  92  6:37  Hatchery  
  92  6:42  Mutalisk x5  
  92  6:43  Mutalisk  
  92  6:44  Overlord x2  
  104  6:47  Zerg Flyer Weapons Level 1  
  104  6:48  Overlord  
  104  6:58  Overlord  
  104  7:01  Overlord  
  104  7:03  Mutalisk  
  104  7:04  Mutalisk  
  108  7:11  Mutalisk x2  
  108  7:12  Mutalisk  
  108  7:14  Drone x3  
  117  7:22  Drone x7  
  124  7:29  Overlord  
  124  7:30  Mutalisk x2  
  124  7:32  Extractor  
  124  7:37  Mutalisk, Extractor  
  128  7:46  Overlord  
  128  7:47  Zergling x2  
  128  7:48  Zergling x6  
  132  7:54  Corruptor x3  
  132  7:56  Corruptor  
  138  8:08  Overlord  
  138  8:11  Corruptor  
  138  8:12  Corruptor  
  142  8:13  Evolution Chamber  
  142  8:14  Corruptor  
  142  8:18  Roach  
  142  8:19  Roach x4  
  153  8:24  Overlord  
  153  8:26  Overlord  
  151  8:27  Roach x5  
  161  8:34  Evolution Chamber  
  155  8:43  Corruptor x4, Overlord  
  155  8:45  Overlord  
  161  8:53  Drone  
  162  8:58  Zerg Melee Weapons Level 1  
  162  9:00  Mutalisk  
  164  9:11  Roach x8  
  179  9:23  Roach  
  179  9:24  Roach x6  
  193  9:28  Spine Crawler  
  193  9:30  Roach x2  
  162  9:49  Spine Crawler x2  
  162  9:50  Spine Crawler x2  
  149  10:00  Drone x4  
  149  10:01  Drone x2  
  149  10:03  Ravager  
  149  10:04  Ravager x6  
  123  10:24  Roach x3  
  123  10:26  Roach  
  126  10:32  Extractor  
  54  11:41  Extractor  
  51  12:13  Extractor  
  50  12:15  Extractor  
Tags
 
Add a new tag
Caveats
  • Supply blocks, unpowered buildings, or Contaminate may cause inaccurate times.
  • Supply counts are checked every 10 seconds.